 Dungeon Crawl Stone Soup version 0.26-a0-1040-gbe3abf3417 (webtiles) character file.

Game seed: 7216351462048997102

155 Dracia the Gusty (level 5, -6/28 HPs)
             Began as a Tengu Air Elementalist on Dec 11, 2020.
             Killed by divine providence
             ... invoked by an orc priest
              (16 damage)
             ... on level 3 of the Dungeon.
             The game lasted 00:05:16 (3592 turns).

Dracia the Gusty (Tengu Air Elementalist)           Turns: 3592, Time: 00:05:17

Health: -6/28      AC:  2    Str:  9    XL:     5   Next: 37%
Magic:  0/9        EV: 13    Int: 15    God:
Gold:   170        SH:  0    Dex: 15    Spells: 2/8 levels left

rFire    . . .     SeeInvis .   d - +0 dagger
rCold    . . .     Faith    .   (no shield)
rNeg     . . .     Spirit   .   a - +0 robe
rPois    .         Reflect  .   (helmet restricted)
rElec    .         Harm     .   (no cloak)
rCorr    +         Rampage  .   (no gloves)
Will     .....                  (boots unavailable)
Stlth    ++........             (no amulet)
HPRegen  0.09/turn              R - ring of resist corrosion
MPRegen  0.11/turn              (no ring)

@: very slightly contaminated, hasted, very quick
A: beak, talons 3, able to fly
a: Fly


You were on level 3 of the Dungeon.
You visited 1 branch of the dungeon, and saw 3 of its levels.

You collected 170 gold pieces.


Innate Abilities, Weirdness & Mutations

You have a beak for a mouth.
You have claws for feet.
You can fly continuously.


   Skills:
 + Level 3.3 Dodging
 - Level 2.0 Stealth
 - Level 2.0 Spellcasting
 - Level 1.3 Conjurations
 * Level 7.1 Air Magic


You had 2 spell levels left.
You knew the following spells:

 Your Spells              Type           Power        Failure   Level
i - Swiftness             Air            ###.....     1%          2
t - Static Discharge      Conj/Air       ##......     12%         3
z - Shock                 Conj/Air       ##..         3%          1

Your spell library contained the following spells:

 Spells                   Type           Power        Failure   Level
 Airstrike                Air            ###.......   12%         4
 Lightning Bolt           Conj/Air       ##........   71%         5

Inventory:

Hand Weapons
 d - a +0 dagger (weapon)
Armour
 a - a +0 robe (worn)
Jewellery
 R - a ring of resist corrosion (left hand)
Scrolls
 b - a scroll of magic mapping {unknown}
 c - 2 scrolls of remove curse {unknown}
 f - a scroll of enchant armour {unknown}
 k - a scroll of teleportation {unknown}
Potions
 e - 3 potions of heal wounds {unknown}
 g - 2 potions of haste {@q3@q3}
 h - a potion of mutation {unknown}
 j - a potion of berserk rage {unknown}
 l - a potion of might {unknown}

Dungeon Overview and Level Annotations

Branches:
Dungeon (3/15)

Altars:

.#
...######################
.).'.......o..S.@.......#
...#.....#############.##
.. +.....+.# #.# .
#.....#.# #.#
###.....#.#### #.#
.............########.#
......................#
......................#
.............########.#


You could see an orc priest and an adder.


Message History

The orc priest is moderately wounded.
Casting: Shock (safe; 3% risk of failure)
Confirm with . or Enter, or press ? or * to list all spells.
You don't have enough magic to cast that spell.
The orc priest calls down the wrath of Beogh upon you.
Beogh smites you!
The orc priest casts a cantrip, but nothing happens.
The adder bites you.
* * * LOW HITPOINT WARNING * * *
Casting: Shock (safe; 3% risk of failure)
Confirm with . or Enter, or press ? or * to list all spells.
Aiming: Shock (safe; 3% risk of failure)
Press: ? - help, Shift-Dir - straight line, f - adder
Aim: an adder (47% to evade)
You miscast Shock.
You are very lightly contaminated with residual magic.
Nothing appears to happen.
The adder bites you.
* * * LOW HITPOINT WARNING * * *
Casting: Shock (safe; 3% risk of failure)
Confirm with . or Enter, or press ? or * to list all spells.
You don't have enough magic to cast that spell.
You closely miss the adder. Your kick misses the adder. The adder bites you.
* * * LOW HITPOINT WARNING * * *
You barely miss the adder. The adder misses you. x2
Unknown command.
It was a potion of haste.
You feel yourself speed up. The adder misses you.
The orc priest calls down the wrath of Beogh upon you.
Beogh smites you!
Ouch! That really hurt!
You die...

Skill      XL: |  1  2  3  4 |
---------------+-------------+-----
Air Magic      | 5 6 7 |  7.1
Dodging        | 3 |  3.3
Stealth        | |  2.0
Spellcasting   | |  2.0
Conjurations   | |  1.3

Action                   |  1- 3 |  4- 6 || total
-------------------------+-------+-------++-------
Melee: Unarmed           |    12 |       ||    12
       Kick              |     4 |     4 ||     8
       Dagger            |     9 |    18 ||    27
       Peck              |     2 |     4 ||     6
 Cast: Shock             |    40 |    78 ||   118
  Use: Potion            |       |     2 ||     2
       Scroll            |       |     1 ||     1
Armor: Robe              |     7 |     2 ||     9
Dodge: Dodged            |    17 |    33 ||    50

Levels and vault maps discovered:
D:1:      onia_arrival_pyramid, layout_loops_ring, grunt_decor_mini_mirrors
D:2:      layout_basic, chequers_ecumenical_altar_island, minmay_hedge_maze
D:3:      layout_basic

Notes
Turn   | Place    | Note
-------+----------+-------------------------------------------
     0 | D:1      | Dracia the Tengu Air Elementalist began the quest for the
                  | Orb.
     0 | D:1      | Reached XP level 1. HP: 10/10 MP: 4/4
   325 | D:1      | Reached XP level 2. HP: 15/15 MP: 3/6
   700 | D:1      | Reached skill level 5 in Air Magic
   950 | D:1      | Reached XP level 3. HP: 19/19 MP: 4/7
   998 | D:1      | Learned a level 2 spell: Swiftness
  1412 | D:1      | Reached skill level 6 in Air Magic
  1412 | D:1      | Reached XP level 4. HP: 19/24 MP: 1/8
  1716 | D:1      | Learned a level 3 spell: Static Discharge
  2156 | D:2      | Found a faded altar of an unknown god.
  2481 | D:2      | Reached skill level 3 in Dodging
  2899 | D:3      | HP: 2/24 [orc priest/nerve-wracking pain (14)]
  2902 | D:3      | Reached skill level 7 in Air Magic
  2902 | D:3      | Gained mutation: You can fly continuously. [Tengu growth]
  2902 | D:3      | Reached XP level 5. HP: 12/28 MP: 0/9
  3592 | D:3      | Killed from afar by an orc priest

Vanquished Creatures
  An orc priest (D:3)
  3 gnolls
  2 adders (D:2)
  An ooze (D:2)
  4 dart slugs
  2 leopard geckos
  4 orcs (D:3)
  6 bats
  3 giant cockroaches
  3 goblins (D:1)
  4 hobgoblins
  10 jackals
  5 kobolds
  A quokka (D:2)
  6 frilled lizards
  3 rats
58 creatures vanquished.

Table legend: (Time is in decaauts)
 A = Elapsed time spent in this place.
 B = Non-inter-level travel time spent in this place.
 C = Inter-level travel time spent in this place.
 D = Time resting spent in this place.
 E = Time spent auto-exploring this place.
 F = Levels seen in this place.
 G = Mean time per level.
                   A        B        C        D        E       F      G
               +--------+--------+--------+--------+--------+-----+--------+
         Total |   3593 |   3500 |     93 |    954 |   2254 |   3 | 1197.7 |
       Dungeon |   3593 |   3500 |     93 |    954 |   2254 |   3 | 1197.7 |
               +--------+--------+--------+--------+--------+-----+--------+

Top non-repeatable levels by time:
     D:1: 1697 daAuts
     D:2: 1186 daAuts
     D:3: 710 daAuts

Table legend:
 A = Non-vault XP
 B = Vault XP
 C = Vault XP percentage of total XP
 D = Non-vault monster count
 E = Vault monster count
 F = Vault count percentage of total count
                 A         B        C        D         E       F
            +---------+---------+-------+---------+---------+-------
      Total |     222 |       0 |   0.0 |      58 |       0 |   0.0
            +---------+---------+-------+---------+---------+-------
        D:1 |      52 |       0 |   0.0 |      21 |       0 |   0.0
        D:2 |     100 |       0 |   0.0 |      24 |       0 |   0.0
        D:3 |      70 |       0 |   0.0 |      13 |       0 |   0.0
            +---------+---------+-------+---------+---------+-------
